 Dungeon Crawl Stone Soup version 0.21.0-25-ge575cb9 (webtiles) character file.

588 tidbits the Stinger (level 7, -3/51 HPs)
             Began as a Gnoll Venom Mage on Jan 25, 2018.
             Slain by a two-headed ogre
             ... wielding a +0 giant club
              (8 damage)
             ... on level 8 of the Dungeon on Jan 26, 2018.
             The game lasted 00:15:20 (1580 turns).

tidbits the Stinger (Gnoll Venom Mage)              Turns: 1580, Time: 00:15:20

Health: -3/51      AC:  4    Str: 16    XL:     7   Next: 38%
Magic:  11/15      EV: 15    Int: 19    God:
Gold:   314        SH:  0    Dex: 15    Spells: 7/17 levels left

rFire    . . .     SeeInvis .   a - +2 dagger (venom)
rCold    . . .     Gourm    .   (no shield)
rNeg     . . .     Faith    .   h - +0 robe
rPois    .         Spirit   .   (no helmet)
rElec    .         Reflect  .   (no cloak)
rCorr    .         Harm     .   G - +1 pair of gloves
MR       .....                  (no boots)
Stlth    +++.......             (no amulet)
HPRegen  0.17/turn              (no ring)
MPRegen  0.14/turn              (no ring)

@: mighty
A: distributed training, fangs 1, strong nose
a: no special abilities


You were on level 8 of the Dungeon.
You were not hungry.

You visited 2 branches of the dungeon, and saw 9 of its levels.
You also visited: Ossuary.

You collected 314 gold pieces.

Inventory:

Hand Weapons
 a - a +2 dagger of venom (weapon)
   (You took it off an orc on level 3 of the Dungeon)
 d - a +0 dagger
 e - a +0 short sword
 m - a +0 flail of draining
   (You took it off Terence on level 2 of the Dungeon)
Missiles
 p - 22 bolts
Armour
 h - a +0 robe (worn)
 G - a +1 pair of gloves (worn)
Wands
 k - a wand of polymorph (10)
Scrolls
 g - a scroll of immolation
 j - a scroll of fear
 o - 2 scrolls of amnesia
 q - 2 scrolls of blinking
 u - 2 scrolls of remove curse
Potions
 i - a potion of magic
 l - 2 potions of curing
 n - 2 potions of flight
 r - 2 potions of lignification {unknown}
 s - 2 potions of cancellation
 t - a potion of brilliance
Books
 b - a Young Poisoner's Handbook

   Spells                             Type                      Level
   a - Sting                          Conjuration/Poison           1
   b - Poisonous Vapours              Poison/Air                   2
   c - Mephitic Cloud                 Conjuration/Poison/Air       3
   d - Olgreb's Toxic Radiance        Poison                       4
   e - Venom Bolt                     Conjuration/Poison           5
Comestibles
 c - 8 rations


   Skills:
 + Level 2.4 Fighting
 + Level 2.4 Short Blades
 + Level 2.4 Long Blades
 + Level 2.4 Axes
 + Level 2.4 Maces & Flails
 + Level 2.4 Polearms
 + Level 2.4 Staves
 + Level 2.4 Slings
 + Level 2.4 Bows
 + Level 2.4 Crossbows
 + Level 2.4 Throwing
 + Level 2.4 Armour
 + Level 5.2 Dodging
 + Level 4.8 Stealth
 + Level 2.4 Shields
 + Level 2.4 Unarmed Combat
 + Level 5.6 Spellcasting
 + Level 2.9 Conjurations
 + Level 2.0 Hexes
 + Level 2.0 Charms
 + Level 2.0 Summonings
 + Level 2.0 Necromancy
 + Level 2.0 Translocations
 + Level 2.0 Transmutations
 + Level 2.0 Fire Magic
 + Level 2.0 Ice Magic
 + Level 2.0 Air Magic
 + Level 2.0 Earth Magic
 + Level 5.8 Poison Magic
 + Level 2.6 Invocations
 + Level 2.4 Evocations


You had 7 spell levels left.
You knew the following spells:

 Your Spells              Type           Power        Failure   Level  Hunger
a - Sting                 Conj/Pois      ###.         1%          1    None
m - Mephitic Cloud        Conj/Pois/Air  ###.....     8%          3    ##.....
o - Poisonous Vapours     Pois/Air       ###...       3%          2    None
O - Olgreb's Toxic Radia  Pois           ####....     11%         4    ####...


Dungeon Overview and Level Annotations

Branches:
Dungeon (8/15)             Temple (1/1) D:7
   Lair: D:8-11

Altars:
Ashenzari
Dithmenos
Elyvilon
Fedhas
Gozag
Kikubaaqudgha
Okawaru
Sif Muna
Trog
Uskayaw
Zin
The Shining One


Innate Abilities, Weirdness & Mutations

Your experience applies equally to all skills.
You have very sharp teeth.
Your uncanny sense of smell can sniff out nearby items.


Message History

Found a whip.
You see here a ring mail.
Found a short sword.
You see here 20 stones.
There is a staircase to the Ecumenical Temple here.
You climb downwards.
Welcome to the Ecumenical Temple!
There is a staircase back to the Dungeon here.
You open the door.
There is an open door here.
You open the door.
Found a blossoming altar of Fedhas.
You open the door.
Found a hide-covered altar of Uskayaw.
You open the door.
Found a bloodstained altar of Trog and a deep blue altar of Sif Muna.
You open the door.
Found an iron altar of Okawaru.
There is an open door here.
You open the door.
Found a glowing golden altar of the Shining One.
You open the door.
Found an ancient bone altar of Kikubaaqudgha.
There is an open door here.
You open the door.
Found a glowing silver altar of Zin.
You open the door.
Found a white marble altar of Elyvilon.
There is an open door here.
There is a staircase back to the Dungeon here.
You climb upwards.
Welcome back to the Dungeon!
There is a staircase to the Ecumenical Temple here.
Unknown command.
You see here a short sword.
Found a stone staircase leading down.
There is a stone staircase leading down here.
You climb downwards.
There is a stone staircase leading up here.
Unknown command.
Found a scroll of remove curse.
An adder comes into view.
A two-headed ogre comes into view.
It is wielding a giant club and a giant spiked club.
The two-headed ogre shouts in stereo!
The adder hisses angrily.
You feel very mighty all of a sudden.
Casting: Poisonous Vapours
Confirm with . or Enter, or press ? or * to list all spells.
Aiming: Sting
Press: ? - help, Shift-Dir - straight line, f - adder
Aim: an adder The sting hits the adder.
The adder is poisoned.
The adder is moderately wounded.
Casting: Sting
Confirm with . or Enter, or press ? or * to list all spells.
Aiming: Poisonous Vapours
Press: ? - help, Dir - move target cursor, f - two-headed ogre, p - adder
Aim: a two-headed ogre, wielding a giant club and a giant spiked club Poisonous vapours surround the two-headed ogre!
The adder bites you but does no damage.
The two-headed ogre is engulfed in poison gas.
The two-headed ogre is poisoned.
Casting: Poisonous Vapours
Confirm with . or Enter, or press ? or * to list all spells.
Aiming: Poisonous Vapours
Press: ? - help, Dir - move target cursor, f/p - two-headed ogre
Aim: a two-headed ogre, wielding a giant club and a giant spiked club (poisoned) Poisonous vapours surround the two-headed ogre!
The adder misses you.
The two-headed ogre is engulfed in poison gas.
The two-headed ogre looks even sicker.
You barely miss the two-headed ogre.
The two-headed ogre is lightly wounded.
You puncture the two-headed ogre!
The two-headed ogre looks as sick as possible!
The two-headed ogre is moderately wounded.
The two-headed ogre hits you with a giant club!!
Ouch! That really hurt!
* * * LOW HITPOINT WARNING * * *
The two-headed ogre barely misses you.
You puncture the two-headed ogre!
The two-headed ogre is heavily wounded.
You hit the two-headed ogre.
The two-headed ogre looks as sick as possible!
You bite the two-headed ogre.
The two-headed ogre is severely wounded.
The adder looks more healthy.
The two-headed ogre misses you. The two-headed ogre closely misses you.
You barely miss the two-headed ogre.
The two-headed ogre is severely wounded.
The two-headed ogre hits you with a giant club.
* * * LOW HITPOINT WARNING * * *
The two-headed ogre misses you.
You hit the two-headed ogre.
You bite the two-headed ogre, but do no damage.
The two-headed ogre is severely wounded.
You hit the two-headed ogre.
The two-headed ogre looks as sick as possible!
The two-headed ogre is almost dead.
The two-headed ogre hits you with a giant club!
* * * LOW HITPOINT WARNING * * *
The two-headed ogre hits you with a giant spiked club!
You die...

#. #. #. #.
#?## ### .S#
#...# #O# #.#
.# #@##.#
.#####.# #...#
#....... #...#
#<# #.#.## ##.#
...##.## ##.##
.#..####.###.##
...... ##...##
...... #####
######


You could see a two-headed ogre and an adder.

Vanquished Creatures
  Duvessa (D:4)
  Dowan (D:4)
  2 crimson imps
  A gnoll shaman (D:5)
  An orc priest (D:3)
  An iguana (D:4)
  Terence (D:2)
  A worker ant (D:7)
  A hound skeleton (D:4)
  7 mummies (Ossuary)
  5 gnolls (D:5)
  2 adders
  An ooze (D:3)
  4 worms
  2 dart slugs
  4 leopard geckos
  4 orcs (D:3)
  3 giant cockroaches (D:1)
  5 goblins
  4 jackals
  A ball python (D:1)
  6 bats
  3 frilled lizards
  A gnoll zombie (Ossuary)
  A hobgoblin zombie (Ossuary)
  3 kobolds
  4 kobold zombies (Ossuary)
  2 orc zombies (Ossuary)
  A rat (D:3)
73 creatures vanquished.

Notes
Turn   | Place    | Note
-------+----------+-------------------------------------------
     0 | D:1      | tidbits the Gnoll Venom Mage began the quest for the Orb.
     0 | D:1      | Reached XP level 1. HP: 13/13 MP: 6/6
    62 | D:1      | Reached skill level 2 in Conjurations
   112 | D:1      | Reached XP level 2. HP: 19/19 MP: 1/7
   116 | D:1      | Learned a level 2 spell: Poisonous Vapours
   328 | D:2      | Reached XP level 3. HP: 23/25 MP: 2/9
   335 | D:2      | Learned a level 3 spell: Mephitic Cloud
   357 | D:2      | Found a shattered altar of Ashenzari.
   397 | D:2      | Reached skill level 5 in Spellcasting
   459 | D:2      | Found a shadowy altar of Dithmenos.
   489 | D:2      | Noticed Terence
   513 | D:2      | Killed Terence
   513 | D:2      | Reached skill level 1 in Fighting
   513 | D:2      | Reached skill level 1 in Short Blades
   513 | D:2      | Reached skill level 1 in Long Blades
   513 | D:2      | Reached skill level 1 in Axes
   513 | D:2      | Reached skill level 1 in Maces & Flails
   513 | D:2      | Reached skill level 1 in Polearms
   513 | D:2      | Reached skill level 1 in Staves
   513 | D:2      | Reached skill level 1 in Slings
   513 | D:2      | Reached skill level 1 in Bows
   513 | D:2      | Reached skill level 1 in Crossbows
   513 | D:2      | Reached skill level 1 in Throwing
   513 | D:2      | Reached skill level 1 in Armour
   513 | D:2      | Reached skill level 1 in Shields
   513 | D:2      | Reached skill level 1 in Unarmed Combat
   513 | D:2      | Reached skill level 1 in Invocations
   513 | D:2      | Reached skill level 1 in Evocations
   520 | D:2      | Reached XP level 4. HP: 29/32 MP: 4/11
   617 | D:3      | Reached skill level 1 in Hexes
   617 | D:3      | Reached skill level 1 in Charms
   617 | D:3      | Reached skill level 1 in Summonings
   617 | D:3      | Reached skill level 1 in Necromancy
   617 | D:3      | Reached skill level 1 in Translocations
   617 | D:3      | Reached skill level 1 in Transmutations
   617 | D:3      | Reached skill level 1 in Fire Magic
   617 | D:3      | Reached skill level 1 in Ice Magic
   617 | D:3      | Reached skill level 1 in Air Magic
   617 | D:3      | Reached skill level 1 in Earth Magic
   622 | D:3      | Reached XP level 5. HP: 37/37 MP: 2/12
   704 | D:4      | Found an opulent altar of Gozag.
   727 | D:5      | Entered Level 5 of the Dungeon
   737 | D:4      | Noticed Dowan
   739 | D:4      | Noticed Duvessa
   775 | D:4      | Killed Dowan
   811 | D:4      | Killed Duvessa
   811 | D:4      | Reached skill level 2 in Invocations
   811 | D:4      | Reached XP level 6. HP: 24/44 MP: 10/13
   976 | D:4      | Reached skill level 5 in Dodging
   982 | D:4      | Learned a level 4 spell: Olgreb's Toxic Radiance
  1013 | D:5      | Reached skill level 2 in Fighting
  1013 | D:5      | Reached skill level 2 in Short Blades
  1013 | D:5      | Reached skill level 2 in Long Blades
  1013 | D:5      | Reached skill level 2 in Axes
  1013 | D:5      | Reached skill level 2 in Maces & Flails
  1013 | D:5      | Reached skill level 2 in Polearms
  1013 | D:5      | Reached skill level 2 in Staves
  1013 | D:5      | Reached skill level 2 in Slings
  1013 | D:5      | Reached skill level 2 in Bows
  1013 | D:5      | Reached skill level 2 in Crossbows
  1013 | D:5      | Reached skill level 2 in Throwing
  1013 | D:5      | Reached skill level 2 in Armour
  1013 | D:5      | Reached skill level 2 in Shields
  1013 | D:5      | Reached skill level 2 in Unarmed Combat
  1013 | D:5      | Reached skill level 2 in Evocations
  1063 | D:5      | Found a sand-covered staircase.
  1076 | Ossuary  | Entered an ossuary
  1205 | Ossuary  | Reached XP level 7. HP: 13/50 MP: 15/15
  1439 | D:7      | Reached skill level 2 in Hexes
  1439 | D:7      | Reached skill level 2 in Charms
  1439 | D:7      | Reached skill level 2 in Summonings
  1439 | D:7      | Reached skill level 2 in Necromancy
  1439 | D:7      | Reached skill level 2 in Translocations
  1439 | D:7      | Reached skill level 2 in Transmutations
  1439 | D:7      | Reached skill level 2 in Fire Magic
  1439 | D:7      | Reached skill level 2 in Ice Magic
  1439 | D:7      | Reached skill level 2 in Air Magic
  1439 | D:7      | Reached skill level 2 in Earth Magic
  1458 | D:7      | Found a staircase to the Ecumenical Temple.
  1466 | Temple   | Entered the Ecumenical Temple
  1568 | D:8      | Noticed a two-headed ogre
  1580 | D:8      | HP: 5/51 [two-headed ogre/giant club (16)]
  1580 | D:8      | Slain by a two-headed ogre

Skill      XL: |  1  2  3  4  5  6  7 |
---------------+----------------------+-----
Conjurations   | 2 |  2.9
Spellcasting   | 5 |  5.6
Fighting       | 1 2 |  2.4
Short Blades   | 1 2 |  2.4
Long Blades    | 1 2 |  2.4
Axes           | 1 2 |  2.4
Maces & Flails | 1 2 |  2.4
Polearms       | 1 2 |  2.4
Staves         | 1 2 |  2.4
Slings         | 1 2 |  2.4
Bows           | 1 2 |  2.4
Crossbows      | 1 2 |  2.4
Throwing       | 1 2 |  2.4
Armour         | 1 2 |  2.4
Shields        | 1 2 |  2.4
Unarmed Combat | 1 2 |  2.4
Invocations    | 1 2 |  2.6
Evocations     | 1 2 |  2.4
Hexes          | 1 2 |  2.0
Charms         | 1 2 |  2.0
Summonings     | 1 2 |  2.0
Necromancy     | 1 2 |  2.0
Translocations | 1 2 |  2.0
Transmutations | 1 2 |  2.0
Fire Magic     | 1 2 |  2.0
Ice Magic      | 1 2 |  2.0
Air Magic      | 1 2 |  2.0
Earth Magic    | 1 2 |  2.0
Dodging        | 5 |  5.2
Stealth        | |  4.8
Poison Magic   | |  5.8

Action                   |  1- 3 |  4- 6 |  7- 9 || total
-------------------------+-------+-------+-------++-------
Melee: Unarmed           |     1 |       |       ||     1
       Short sword       |    22 |    28 |       ||    50
       Dagger            |    10 |    54 |    11 ||    75
       Bite              |     3 |    11 |     3 ||    17
       Flail             |       |    32 |    19 ||    51
Throw: Stone             |       |     4 |     1 ||     5
 Cast: Sting             |    22 |       |     1 ||    23
       Poisonous Vapours |     7 |    18 |     2 ||    27
       Mephitic Cloud    |       |     1 |       ||     1
       Olgreb's Toxic Ra |       |     2 |       ||     2
  Use: Potion            |       |     6 |     4 ||    10
       Scroll            |       |     6 |     3 ||     9
 Stab: Sleeping          |     2 |     5 |     4 ||    11
       Confused          |       |     3 |       ||     3
  Eat: Chunk             |       |     1 |       ||     1
       Ration            |       |       |     1 ||     1
Armor: Robe              |     4 |    10 |     1 ||    15
Dodge: Dodged            |    29 |    67 |    12 ||   108

Table legend:
 A = Turns spent in this place as a percentage of turns spent in the entire game.
 B = Non-inter-level travel turns spent in this place as a percentage of non-inter-level travel turns spent in the entire game.
 C = Inter-level travel turns spent in this place as a percentage of turns spent in this place.
 D = Turns resting spent in this place as a percentage of non-inter-level travel turns spent in this place.
 E = Turns spent auto-exploring this place as a percentage of non-inter-level travel turns spent in this place.
 F = Non-inter-level travel turns spent in this place divided by the number of levels of this place that you've seen.
                   A       B       C       D       E      F
               +-------+-------+-------+-------+-------+----------------------
         Total | 100.0 | 100.0 |   1.0 |   0.0 |   0.0 | 156.4
       Dungeon |  78.7 |  78.5 |   1.3 |   0.0 |   0.0 | 153.5
        Temple |   3.9 |   3.9 |   0.0 |   0.0 |   0.0 |  61.0
       Ossuary |  17.4 |  17.6 |   0.0 |   0.0 |   0.0 | 275.0
               +-------+-------+-------+-------+-------+----------------------

Table legend:
 A = Kills in this place as a percentage of kills in entire the game.
 B = Kills by you in this place as a percentage of kills by you in the entire game.
 C = Kills by friends in this place as a percentage of kills by friends in the entire game.
 D = Other kills in this place as a percentage of other kills in the entire game.
 E = Experience gained in this place as a percentage of experience gained in the entire game.
 F = Experience gained in this place divided by the number of levels of this place that you have seen.
                   A       B       C       D       E      F
               +-------+-------+-------+-------+-------+----------------------
         Total | 100.0 | 100.0 |   N/A |   N/A | 100.0 |  84.1
       Dungeon |  79.5 |  79.5 |   N/A |   N/A |  84.3 |  88.6
       Ossuary |  20.5 |  20.5 |   N/A |   N/A |  15.7 | 132.0
               +-------+-------+-------+-------+-------+----------------------

Vault maps used:
D:1:      kennysheep_arrival_seaside
D:2:      grunt_dithmenos_smoke_and_mirrors, evilmike_ruin_ashenzari,
          first_ration, grunt_ministairs_6, corexii_leaking_fountain,
          uniq_terence
D:3:      old_standard_altar, grunt_temple_overflow_open
D:4:      vehumet_crystals, overflow_temple_1_default,
          kennysheep_generic_room_11, uniq_ijyb, uniq_duvessa
D:5:      enter_ossuary_2
D:6:      nemelex_xobeh_ov_fountains_minmay,
          yredelemnul_forgotten_temple_becter, uniq_eustachio,
          uniq_blork_the_orc, uniq_edmund
D:7:      minmay_temple_entry_butterflies, serial_shops, nicolae_shop_crystal,
          makhleb_blood_cavern_becter
D:8:      serial_glass, glass_columns_c, glass_columns_c, glass_columns_a,
          glass_columns_b
Temple:   nicolae_temple_figure_zero
Ossuary:  ossuary_tomb_3
